Map: Dusk Towers

Players

Jweber

  • Race: Terran Terran
  • League: Silver

Hellhammer - Winner!

  • Race: Terran Terran
  • League: Silver

VOD

Have the link to the VOD?

Description

Time

  • Played on: Dec. 28, 2015, 12:59 a.m.
  • Length: 13:48
Show
View Real Time Build Order
Export as new Build Order

Jweber Terran 

Build Orders: MMM Bio 

Get SALT Encoding   

  12  0:01  SCV  
  13  0:13  SCV  
  14  0:20  Supply Depot  
  14  0:25  SCV  
  15  0:29  Refinery  
  15  0:42  SCV  
  16  0:46  Barracks  
  16  0:54  SCV  
  17  1:06  SCV  
  18  1:18  SCV  
  19  1:30  SCV  
  20  1:33  Supply Depot  
  20  1:43  Command Center  
  20  1:49  SCV  
  21  1:55  Refinery  
  21  1:57  Supply Depot  
  21  2:01  SCV  
  22  2:06  Marine  
  23  2:13  SCV  
  24  2:25  SCV, Engineering Bay  
  25  2:37  SCV  
  25  2:38  Barracks  
  26  2:48  Supply Depot  
  26  2:49  SCV  
  27  3:01  SCV  
  27  3:03  Orbital Command  
  28  3:16  Missile Turret  
  29  3:20  Orbital Command  
  28  3:27  Missile Turret  
  28  3:31  SCV  
  28  3:33  Barracks Tech Lab  
  29  3:43  SCV  
  30  3:48  SCV  
  30  3:49  Factory  
  30  3:55  SCV, Refinery  
  32  3:57  Refinery  
  32  4:00  SCV  
  33  4:03  Combat Shields  
  33  4:07  SCV  
  34  4:11  Barracks  
  34  4:18  SCV  
  34  4:19  SCV  
  36  4:30  SCV  
  36  4:42  Factory Tech Lab  
  36  4:47  Starport  
  36  4:51  SCV  
  36  4:52  SCV  
  38  4:53  Engineering Bay  
  38  4:55  Marine  
  38  4:56  Marauder  
  41  5:04  SCV x2  
  43  5:10  Barracks Tech Lab  
  43  5:11  Siege Tank  
  43  5:13  Marine  
  47  5:16  SCV x2  
  47  5:17  Marauder  
  51  5:28  SCV x2  
  53  5:29  Missile Turret  
  53  5:31  Starport Reactor, Marine  
  53  5:34  Marauder  
  56  5:39  Marauder  
  56  5:40  Stimpack  
  56  5:41  Concussive Shells  
  58  5:46  Terran Infantry Weapons Level 1  
  58  5:47  Terran Infantry Armor Level 1  
  58  5:49  Marine  
  59  5:51  SCV x2, Missile Turret  
  61  5:59  Supply Depot x2  
  61  6:01  Supply Depot  
  61  6:03  SCV  
  62  6:07  Supply Depot  
  62  6:21  SCV, Marauder x2, Marine  
  62  6:22  Command Center  
  68  6:37  Armory  
  68  6:38  Marine  
  69  6:42  Marine x2  
  69  6:43  Armory, Medivac  
  69  6:45  Medivac  
  75  6:53  Siege Tank  
  78  6:56  Marine, Liberator  
  78  6:58  Liberator  
  78  7:00  Marauder x2  
  83  7:05  Missile Turret  
  83  7:14  Marine  
  87  7:18  Supply Depot  
  87  7:21  Marine x2  
  92  7:30  Missile Turret  
  92  7:50  Terran Vehicle And Ship Armor Level 1, Starport, Terran Vehicle Weapons Level 1  
  92  7:51  Terran Infantry Weapons Level 2, Terran Infantry Armor Level 2  
  92  7:55  Missile Turret  
  92  7:56  Medivac  
  94  7:58  Medivac  
  96  8:09  Planetary Fortress  
  96  8:15  SCV x2  
  98  8:26  Medivac  
  101  8:27  SCV x2  
  101  8:28  Medivac  
  104  8:36  Fusion Core  
  104  8:39  SCV x2  
  106  8:42  Missile Turret  
  106  8:50  Refinery x2  
  106  8:51  SCV x2  
  108  9:02  Missile Turret  
  108  9:03  SCV, Missile Turret  
  109  9:17  Marauder x2, Marine  
  109  9:18  Starport Tech Lab  
  109  9:21  SCV x3  
  109  9:23  Missile Turret  
  117  9:42  Advanced Ballistics  
  117  9:43  Missile Turret  
  117  9:52  Supply Depot  
  117  9:54  Marine  
  117  9:55  SCV x3  
  117  9:56  Marauder  
  117  9:58  Liberator  
  117  9:59  Liberator  
  109  10:14  Marauder  
  109  10:15  Siege Tank  
  109  10:17  Marauder  
  109  10:21  Liberator  
  97  10:38  Marine  
  53  11:40  Orbital Command  
  19  12:49  SCV  
  20  12:54  Supply Depot  
  20  13:02  SCV  
  21  13:14  SCV  
  22  13:22  Barracks  
  22  13:26  SCV  
Show
View Real Time Build Order
Export as new Build Order

Hellhammer Terran - Winner!

Build Orders: Bio Tank, MMM Bio 

Get SALT Encoding   

  12  0:01  SCV  
  13  0:13  SCV  
  14  0:20  Supply Depot  
  14  0:25  SCV  
  15  0:43  SCV  
  15  0:44  Barracks  
  16  0:55  SCV  
  17  1:07  SCV  
  18  1:25  Command Center  
  18  1:31  Orbital Command  
  18  1:32  Marine  
  19  1:49  Marine  
  19  1:51  Supply Depot  
  20  1:54  Refinery  
  20  1:55  Refinery  
  20  2:00  SCV  
  21  2:07  Marine  
  22  2:13  SCV  
  23  2:25  SCV  
  23  2:27  Bunker  
  24  2:34  Barracks Reactor  
  24  2:38  Orbital Command  
  24  2:40  SCV  
  25  2:48  Factory  
  25  2:51  Engineering Bay  
  25  2:53  SCV, Barracks Reactor  
  26  3:07  SCV  
  27  3:23  Missile Turret  
  27  3:24  Missile Turret  
  27  3:25  SCV  
  28  3:32  Marine x2  
  30  3:36  Factory Tech Lab  
  30  3:41  Missile Turret  
  30  3:43  Missile Turret  
  30  3:45  SCV  
  30  3:46  Starport  
  30  3:47  SCV  
  32  3:58  Siege Tank  
  32  4:00  SCV  
  36  4:05  Liberator  
  36  4:06  Supply Depot  
  36  4:08  SCV  
  37  4:13  Marine x2  
  42  4:27  Terran Infantry Armor Level 1  
  42  4:29  Barracks  
  42  4:39  SCV x2  
  42  4:41  Marine x2  
  46  4:50  Supply Depot  
  46  4:52  SCV x2, Supply Depot  
  48  4:55  Siege Tank  
  51  5:07  Starport Reactor  
  51  5:10  SCV x2, Barracks  
  51  5:11  Barracks  
  53  5:20  Refinery x2  
  53  5:22  Barracks Tech Lab  
  53  5:26  Marine x2  
  53  5:28  SCV x2  
  57  5:30  Siege Tank  
  60  5:44  Stimpack  
  60  6:06  Barracks Reactor  
  60  6:07  Armory  
  60  6:10  Command Center, Barracks Reactor  
  60  6:19  SCV x2  
  62  6:28  Marine  
  62  6:29  Marine  
  62  6:30  Marauder  
  62  6:32  Medivac  
  68  6:33  Supply Depot  
  68  6:34  Supply Depot, Medivac  
  68  6:35  Supply Depot  
  70  6:53  Terran Infantry Weapons Level 1  
  70  6:55  Marine x6  
  70  6:56  Marauder  
  70  6:58  SCV x2  
  80  7:04  Supply Depot x2  
  80  7:05  Siege Tank, Missile Turret x2  
  83  7:10  Terran Ship Weapons Level 1  
  83  7:11  SCV  
  83  7:12  SCV  
  85  7:26  SCV x2, Orbital Command  
  85  7:28  Marine x4  
  85  7:29  Marine  
  92  7:35  Medivac  
  92  7:37  Medivac  
  96  7:41  SCV x2  
  98  7:49  Combat Shields  
  98  7:51  Marine x5  
  99  7:52  Marine  
  104  8:03  SCV x3  
  107  8:07  Marauder  
  109  8:15  Barracks  
  109  8:16  SCV, Barracks  
  109  8:17  SCV x2  
  112  8:23  Marine x6  
  118  8:29  SCV  
  118  8:31  Supply Depot  
  118  8:32  Siege Tank  
  122  8:35  Marauder  
  122  8:36  Liberator x2  
  122  8:37  Supply Depot  
  124  8:51  SCV  
  124  8:53  SCV x2  
  133  8:57  Supply Depot  
  133  8:58  Supply Depot  
  133  9:01  Supply Depot  
  133  9:03  SCV  
  133  9:05  SCV x2  
  136  9:12  Barracks Reactor x2  
  136  9:14  Concussive Shells  
  136  9:15  SCV  
  136  9:16  Terran Infantry Weapons Level 2  
  137  9:17  SCV  
  137  9:20  SCV  
  139  9:25  Refinery x2  
  139  9:30  Marine x2  
  139  9:31  Marine x4  
  143  9:32  Marine  
  143  9:37  Command Center, Siege Tank  
  143  9:38  Medivac x2  
  153  9:42  Supply Depot  
  153  9:48  Supply Depot  
  150  10:00  Marine x6  
  150  10:01  Marine x3  
  157  10:08  SCV x2  
  157  10:09  SCV  
  157  10:12  Medivac x2  
  146  10:26  Marine  
  146  10:27  Marine x2  
  100  10:53  Marine x8  
  100  10:54  Marine  
  86  11:45  Orbital Command  
  77  11:49  Marine x6  
  77  11:50  Marine x3  
  48  12:43  Marine x4  
  48  12:44  Marine x4  
  53  12:45  Marauder  
  58  13:04  SCV  
  56  13:06  Marine x2  
  56  13:07  Marine x6  
  56  13:09  Medivac x2  
  65  13:14  Siege Tank  
  65  13:16  SCV  
Tags
 
Add a new tag
Caveats
  • Supply blocks, unpowered buildings, or Contaminate may cause inaccurate times.
  • Supply counts are checked every 10 seconds.